 Dungeon Crawl Stone Soup version 0.23.1 (webtiles) character file.

Game seed: 5869071051762576247

141 Gingerlord the Shield-Bearer (level 5, -1/33 HPs)
             Began as a Gargoyle Fighter on Feb 17, 2019.
             Slain by an ogre
             ... wielding a +0 giant club
              (21 damage)
             ... on level 4 of the Dungeon on Mar 5, 2019.
             The game lasted 00:05:47 (2616 turns).

Gingerlord the Shield-Bearer (Gargoyle Fighter)     Turns: 2616, Time: 00:05:47

Health: -1/33      AC: 13    Str: 19    XL:     5   Next: 24%
Magic:  5/5        EV:  8    Int:  9    God:
Gold:   173        SH:  9    Dex: 10    Spells: 4/4 levels left

rFire    + . .     SeeInvis .   a - +0 war axe
rCold    . . .     Gourm    .   c - +0 shield
rNeg     + . .     Faith    .   q - +2 ring mail {rF+}
rPois    ∞         Spirit   .   (no helmet)
rElec    +         Reflect  .   (no cloak)
rCorr    .         Harm     .   (no gloves)
MR       .....                  h - +0 pair of boots
Stlth    ..........             e - amulet of inaccuracy (curse)
HPRegen  0.11/turn              (no ring)
MPRegen  0.09/turn              (no ring)

@: no status effects
A: negative energy resistance 1, electricity resistance, unbreathing,
petrification resistance, rot immunity, AC +4
a: no special abilities


You were on level 4 of the Dungeon.
You were not hungry.

You visited 1 branch of the dungeon, and saw 4 of its levels.

You collected 173 gold pieces.

Inventory:

Hand Weapons
 a - a +0 war axe (weapon)
Armour
 c - a +0 shield (worn)
 h - a +0 pair of boots (worn)
 q - a +2 ring mail of fire resistance (worn)
Jewellery
 e - a cursed amulet of inaccuracy (around neck)
 m - an uncursed ring of positive energy {unknown}
 n - an uncursed amulet of magic regeneration {unknown}
 o - a cursed ring of attention {unknown}
 r - an uncursed ring of poison resistance {unknown}
Scrolls
 b - a scroll of random uselessness {unknown}
 i - 2 scrolls of amnesia
 k - 4 scrolls of identify
 l - a scroll of enchant weapon {unknown}
 p - a scroll of teleportation
 s - a scroll of fear {unknown}
Potions
 d - a potion of might
 g - 2 potions of mutation {unknown}
 j - 2 potions of heal wounds {unknown}
 t - a potion of flight {unknown}
 u - a potion of brilliance {unknown}
Comestibles
 f - 7 rations


   Skills:
 + Level 4.1 Fighting
 + Level 2.7 Axes
 + Level 3.9 Armour
 + Level 1.0 Dodging
 + Level 4.3 Shields


You had 4 spell levels left.
You didn't know any spells.
Your spell library contained the following spells:

 Spells                   Type           Power        Failure   Level  Hunger
 Animate Skeleton         Necr           N/A          95%         1    ##.....
 Apportation              Tloc           #.....       95%         1    ##.....
 Confusing Touch          Hex            #.....       95%         1    ##.....
 Summon Small Mammal      Summ           #...         95%         1    ##.....


Dungeon Overview and Level Annotations

Branches:
Dungeon (4/15)
 Temple: D:4-7

Altars:
Makhleb
Ru
Trog
Zin


Innate Abilities, Weirdness & Mutations

You are resistant to torment.
Your stone body is resilient. (AC +4)
You are immune to poison.
You resist negative energy. (rN+)
You are resistant to electric shocks. (rElec)
You can survive without breathing.
You are immune to petrification.
You are immune to rotting.


Message History

You slash the ogre!
The ogre is moderately wounded.
You miss the phantom. You block the ogre's attack.
The phantom closely misses you.
You slash the ogre!
The ogre is severely wounded.
You miss the phantom. The ogre barely misses you.
You block the phantom's attack.
The phantom hits you but does no damage.
The ogre hits you with a +0 giant club.
You closely miss the ogre.
The ogre is severely wounded.
You barely miss the phantom. You block the phantom's attack.
The ogre hits you but does no damage.
Your shield and ring mail prevent you from hitting the ogre.
The ogre is severely wounded.
You miss the phantom. The phantom barely misses you.
The ogre hits you with a +0 giant club!!
Ouch! That really hurt!
You die...

#..#.####.#......#####.#
#.... ##?##...#.#
#.#..###..##..##.#
#......%..##.....#
###..#.†...##.####
........⌠.⌠..#+##
####.......?....##
#..⌠.....⌠O...##
#.....>..@W....#
#..#.......#.....#
....##.....##.....+ #...
####### ...# #. .## #


You could see a phantom and an ogre.

Vanquished Creatures
  A worker ant (D:3)
  A gnoll (D:1)
  3 adders
  2 oozes
  2 worms
  2 dart slugs
  2 leopard geckos (D:3)
  3 orcs
  2 ball pythons (D:2)
  10 bats
  11 goblins
  4 hobgoblins
  A quokka (D:2)
  3 frilled lizards
  5 kobolds
  8 rats
60 creatures vanquished.

Notes
Turn   | Place    | Note
-------+----------+-------------------------------------------
     0 | D:1      | Gingerlord the Gargoyle Fighter began the quest for the
                  | Orb.
     0 | D:1      | Reached XP level 1. HP: 14/14 MP: 1/1
    26 | D:1      | Reached XP level 2. HP: 19/19 MP: 2/2
    27 | D:1      | Upgraded the game from 0.23.0 to 0.23.1
   293 | D:1      | Reached XP level 3. HP: 13/23 MP: 3/3
   774 | D:2      | Found a bloodstained altar of Trog.
   809 | D:2      | Found a sacrificial altar of Ru.
  1104 | D:2      | Reached XP level 4. HP: 19/29 MP: 4/4
  1313 | D:2      | Found a burning altar of Makhleb.
  1313 | D:2      | Noticed an Executioner
  1329 | D:2      | Noticed a neqoxec
  1329 | D:2      | Noticed a hellwing
  2057 | D:3      | Found a glowing silver altar of Zin.
  2415 | D:3      | Reached XP level 5. HP: 32/33 MP: 5/5
  2563 | D:4      | Noticed a phantom
  2604 | D:4      | Reached skill level 1 in Dodging
  2609 | D:4      | Noticed an ogre
  2616 | D:4      | Slain by an ogre

Skill      XL: |  1  2  3  4  5 |
---------------+----------------+-----
Axes           | 2 |  2.7
Shields        | 4 |  4.3
Fighting       | 4 |  4.1
Dodging        | 1 |  1.0
Armour         | |  3.9

Action                   |  1- 3 |  4- 6 || total
-------------------------+-------+-------++-------
Melee: War axe           |   192 |   202 ||   394
  Use: Scroll            |     3 |       ||     3
  Eat: Chunk             |     1 |     2 ||     3
       Ration            |       |     1 ||     1
Armor: Scale mail        |   136 |    64 ||   200
       Ring mail         |       |    72 ||    72
Dodge: Dodged            |    84 |    86 ||   170
Block: Shield            |   131 |   134 ||   265
